 Dungeon Crawl Stone Soup version 0.20.1-1-g8b1a95d66d (webtiles) character file.

65 Hvezdomuz the Sneak (level 3, -1/26 HPs)
             Began as a Draconian Enchanter on Nov 30, 2017.
             Slain by tensugalgo's ghost (9 damage)
             ... on level 3 of the Dungeon.
             The game lasted 00:17:00 (2628 turns).

Hvezdomuz the Sneak (Draconian Enchanter)           Turns: 2628, Time: 00:17:01

Health: -1/26      AC:  5    Str: 10    XL:     3   Next: 92%
Magic:  5/6        EV: 12    Int: 16    God:
Gold:   128        SH:  0    Dex: 11    Spells: 3/6 levels left

rFire    . . .     SeeInvis .   a - +1 dagger
rCold    . . .     Gourm    .   (no shield)
rNeg     . . .     Faith    .   (armour unavailable)
rPois    .         Spirit   .   (helmet restricted)
rElec    .         Reflect  .   (no cloak)
rCorr    .         Harm     .   (no gloves)
MR       .....                  (no boots)
Stlth    ++........             (no amulet)
Regen    0.1/turn               (no ring)
MPRegen  0.1/turn               (no ring)

@: no status effects
A: unfitting armour, cold-blooded, AC +5
a: no special abilities


You were on level 3 of the Dungeon.
You were hungry.

You visited 1 branch of the dungeon, and saw 3 of its levels.

You collected 128 gold pieces.

Inventory:

Hand Weapons
 a - a +1 dagger (weapon)
 i - a cursed -2 dagger
Missiles
 g - 109 stones (quivered)
Wands
 s - a wand of polymorph (1/24)
Scrolls
 e - 6 scrolls of remove curse {unknown}
 j - 2 scrolls of teleportation {unknown}
 m - a scroll of fear {unknown}
 n - a scroll of enchant armour {unknown}
 p - a scroll of magic mapping {unknown}
 t - a scroll of identify {unknown}
Potions
 d - 2 potions of heal wounds {unknown}
 h - 2 potions of invisibility {unknown}
 k - 3 potions of mutation {unknown}
 l - 2 potions of brilliance {unknown}
 o - 2 potions of ambrosia {unknown}
 r - a potion of berserk rage {unknown}
Books
 b - a book of Maledictions

   Spells                             Type                      Level
   a - Corona                         Hexes                        1
   b - Ensorcelled Hibernation        Hexes/Ice                    2
   c - Confuse                        Hexes                        3
   d - Tukima's Dance                 Hexes                        3
   e - Dazzling Spray                 Conjuration/Hexes            3
Comestibles
 c - 4 bread rations
 f - 2 fruits
 q - a royal jelly


   Skills:
 + Level 2.1 Short Blades
 + Level 2.1 Dodging
 + Level 3.3 Stealth
 + Level 2.2 Spellcasting
 + Level 3.1 Hexes


You had 3 spell levels left.
You knew the following spells:

 Your Spells              Type           Power        Failure   Level  Hunger
a - Corona                Hex            ##.....      5%          1    #......
b - Ensorcelled Hibernat  Hex/Ice        #.....       16%         2    ###....


Dungeon Overview and Level Annotations

Branches:
Dungeon (3/15)

Altars:
Ashenzari
Fedhas
Makhleb
Okawaru
Trog

Annotations:
D:3 tensugalgo's ghost, weakling DsGl


Innate Abilities, Weirdness & Mutations

Your plain brown scales are hard. (AC +5)
You cannot fit into any form of body armour.
You are cold-blooded and may be slowed by cold attacks.


Message History

Tensugalgo's ghost wails.
There are monsters nearby!
Unknown command.
Okay, then.
That item cannot be evoked!
Evoke which item? (* to show all) (? for menu, Esc to quit)
Aiming: Polymorph (will waste charges)
Press: ? - help, Shift-Dir - straight line, f/p - tensugalgo's ghost
Aim: tensugalgo's ghost (lightly damaged, chance to defeat MR: 46%) Tensugalgo's ghost is unaffected.
Evoking this partially-identified wand wasted a few charges.
Tensugalgo's ghost misses you.
Evoke which item? (* to show all) (? for menu, Esc to quit)
Aiming: Polymorph (will waste charges)
Press: ? - help, Shift-Dir - straight line, f/p - tensugalgo's ghost
Aim: tensugalgo's ghost (lightly damaged, chance to defeat MR: 46%) Tensugalgo's ghost is unaffected.
Evoking this partially-identified wand wasted a few charges.
Tensugalgo's ghost hits you!
You die...

# # ### # .#
... #. .# #
..###>### .# #
........# .# #
##.#@##.# #
#...W.w.# ####
#.......# #...
#.##.#.#######
..## #.
#.........#
..## #
###.#####.#
..## .... #.#
.... ......
#.# .###
#.......#
#.####....


You could see a worm and tensugalgo's ghost.

Vanquished Creatures
  An adder (D:1)
  An ooze (D:1)
  A worm (D:2)
  A dart slug (D:3)
  3 leopard geckos (D:2)
  3 giant cockroaches
  5 goblins
  7 hobgoblins
  2 jackals (D:2)
  2 kobolds
  5 bats
  5 frilled lizards
  4 rats (D:1)
40 creatures vanquished.

Notes
Turn   | Place    | Note
-------+----------+-------------------------------------------
     0 | D:1      | Hvezdomuz the Draconian Enchanter began the quest for the Orb.
     0 | D:1      | Reached XP level 1. HP: 14/14 MP: 3/3
   210 | D:1      | Reached XP level 2. HP: 20/20 MP: 3/5
   241 | D:1      | Learned a level 2 spell: Ensorcelled Hibernation
   965 | D:2      | Found a burning altar of Makhleb.
   966 | D:2      | Found an iron altar of Okawaru.
  1022 | D:2      | Reached XP level 3. HP: 18/26 MP: 4/6
  1189 | D:2      | Found a faded altar of an unknown god.
  1269 | D:2      | Found a blossoming altar of Fedhas.
  1271 | D:2      | Found a bloodstained altar of Trog.
  2432 | D:3      | Found a shattered altar of Ashenzari.
  2612 | D:3      | Noticed tensugalgo's ghost (weakling DsGl)
  2628 | D:3      | Slain by tensugalgo's ghost

Skill      XL: |  1  2  3 |
---------------+----------+-----
Dodging        | 2 |  2.1
Stealth        | 3 |  3.3
Hexes          | 3 |  3.1
Short Blades   | 2 |  2.1
Spellcasting   | |  2.2

Action                   || total
-------------------------++-------
Melee: Dagger            ||   207
       Tailslap          ||    19
Throw: Stone             ||     9
 Cast: Corona            ||     6
Evoke: Wand              ||     2
 Stab: Sleeping          ||     9
  Eat: Meat ration       ||     1
Armor: Skin              ||    74
Dodge: Dodged            ||   111
